 Dungeon Crawl Stone Soup version 0.30-b1-2-g02819fbbbe (webtiles) character file.

Game seed: 7145032523736582839

539 sanka the Insei (level 7, 57/57 HPs)
             Began as a Purple Draconian Delver on May 20, 2023.
             Was an Initiate of Okawaru.
             Quit the game on level 5 of the Dungeon.
             The game lasted 00:06:47 (4827 turns).

sanka the Insei (Purple Draconian Delver)           Turns: 4827, Time: 00:06:47

Health: 57/57      AC:  7    Str: 14    XL:     7   Next: 5%
Magic:  7/7        EV: 12    Int: 10    God:    Okawaru [......]
Gold:   258        SH:  0    Dex: 15    Spells: 6/6 levels left

rFire   + .          .
                       - Unarmed
rCold   . . .        (no shield)
rNeg    . . .        (body armour unavailable)
rPois   .            (helmet restricted)
rElec   .            (no cloak)
rCorr   .            s - +0 pair of gloves
SInv    .            (no boots)
Will    +....        (no amulet)
Stlth   +++          l - ring of protection from fire
HPRegen 0.29/turn    (no ring)
MPRegen 0.10/turn

%: no passive effects
@: no status effects
A: breathe power, AC +6, unfitting armour, cold-blooded
a: Breathe Dispelling Energy, Renounce Religion


You were on level 5 of the Dungeon.
You worshipped Okawaru.
Okawaru was noncommittal.
You visited 2 branches of the dungeon, and saw 6 of its levels.

You collected 258 gold pieces.

Inventory:

Missiles
 o - 4 poisoned darts (quivered)
Armour
 s - a +0 pair of gloves (worn)
Jewellery
 l - a ring of protection from fire (left hand)
Wands
 e - a wand of digging (3)
Scrolls
 a - a scroll of fog
 b - a scroll of magic mapping
 c - a scroll of fear
 d - a scroll of enchant armour {unknown}
 k - 3 scrolls of teleportation {unknown}
 m - 3 scrolls of noise {unknown}
 n - 4 scrolls of identify {unknown}
 p - a scroll of vulnerability {unknown}
 r - a scroll of immolation {unknown}
Potions
 f - a potion of brilliance {unknown}
 g - 3 potions of curing {@q1}
 h - a potion of degeneration {unknown}
 i - a potion of flight {unknown}
 j - 3 potions of heal wounds {unknown}
 q - a potion of attraction {unknown}
 t - a potion of mutation {unknown}
 u - a potion of magic {unknown}
 v - 2 potions of haste {@q3}
 w - a potion of berserk rage {unknown}
 x - 2 potions of resistance {unknown}


   Skills:
 - Level 3.2 Fighting
 - Level 1.7 Dodging
 - Level 4.5 Stealth
 + Level 7.8 Unarmed Combat


You had 6 spell levels left.
You didn't know any spells.
Your spell library contained the following spells:

 Spells                   Type           Power      Damage    Failure   Level
 Sandblast                Erth           0%         2d4       36%         1
 Passwall                 Tmut/Erth      0%         N/A       50%         2
 Frozen Ramparts          Ice            0%         1d1       75%         3
 Ozocubu's Armour         Ice            0%         N/A       75%         3
 Stone Arrow              Conj/Erth      0%         3d7       75%         3
 Ice Form                 Ice/Tmut       0%         N/A       98%         4
 Ozocubu's Refrigeration  Ice            0%         4d7       100%        7
 Summon Ice Beast         Ice/Summ       Unusable   N/A       N/A         4

Dungeon Overview and Level Annotations

Branches:
Dungeon (5/15)             Temple (1/1) D:5

Altars:
Ashenzari
Cheibriados
Dithmenos
Fedhas
Gozag
Kikubaaqudgha
Makhleb
Nemelex Xobeh
Okawaru
Qazlal
Sif Muna
Trog
Uskayaw
Vehumet
Yredelemnul

Shops:
D:5 (

Annotations:
D:3 1 runed translucent door, Crazy Yiuf
D:5 Ijyb


Innate Abilities, Weirdness & Mutations

You can breathe bolts of dispelling energy.
Your rich purple scales are hard. (AC +6)
You cannot fit into any form of body armour.
You are cold-blooded and may be slowed by cold attacks.


Message History

You tail-slap the scorpion, but do no damage.
The scorpion misses you.
You barely miss the scorpion. The scorpion stings you.
You are poisoned.
The scorpion poisons you!
You hit the scorpion.
The scorpion is lightly wounded.
You feel sick.
The scorpion stings you but does no damage.
You hit the scorpion.
Your tail-slap misses the scorpion.
The scorpion is heavily wounded.
You feel sick.
The scorpion stings you but does no damage.
You hit the scorpion but do no damage. You tail-slap the scorpion.
The scorpion is heavily wounded.
You feel sick. The scorpion barely misses you.
Unknown command.
You hit the scorpion.
The scorpion is heavily wounded.
You feel sick. The scorpion barely misses you.
You closely miss the scorpion. You tail-slap the scorpion.
The scorpion is severely wounded.
You feel sick.
The scorpion stings you but does no damage.
Unknown command.
You hit the scorpion.
You kill the scorpion!
Okawaru accepts your kill.
You feel sick.
You have reached level 7!
Your scales start taking on a rich purple colour.
You learn Spellcasting much quicker.
You learn Hexes much quicker.
You learn Evocations quicker.
You can breathe bolts of dispelling energy.
Unknown command.
You start resting.
You feel sick.
You are no longer poisoned.
You start resting.
HP restored.
Are you sure you want to abandon this character and quit the game? (Confirm with "yes".)

#.##.#
#>.....##########.###
#.##.#
#......'..........#
######.##.#
#......############
.......##.# #......#
.########.# #......# .#
#.# #......# .#
#####.###......#####
.####.......#..........#
#...####....'...@†.....#
.....###....######.....#
......##....# #.....#
.......#....# #.....#
^......##'#.# #.....#
^.^.......#.# #.....#
.^..^.....#.# #.....#
....>..####.# #.....#
.....^## #.######...g.#


There were no monsters in sight!

Vanquished Creatures
  A scorpion (D:5)
  A jelly (D:5)
  A hound (D:5)
  An orc priest (D:3)
  2 iguanas
  Natasha (thrice) (D:4)
  3 orc wizards
  Robin (D:2)
  6 adders
  An ufetubus (D:5)
  A worm (D:4)
  3 dart slugs
  13 orcs
  4 bats
  8 endoplasms
  2 giant cockroaches
  13 goblins
  11 hobgoblins
  11 jackals (D:1)
  5 kobolds
  A quokka (D:1)
  7 ball pythons
  2 frilled lizards
  4 rats
105 creatures vanquished.

Notes
Turn   | Place    | Note
-------+----------+-------------------------------------------
     0 | D:5      | sanka the Draconian Delver began the quest for the Orb.
     0 | D:5      | Reached XP level 1. HP: 19/19 MP: 1/1
    15 | D:5      | Noticed Ijyb
   108 | D:5      | Noticed a scorpion
   156 | D:3      | Noticed an orc wizard
   365 | D:2      | Reached XP level 2. HP: 26/26 MP: 2/2
   557 | D:1      | Reached skill level 3 in Unarmed Combat
   908 | D:1      | Reached XP level 3. HP: 31/31 MP: 3/3
  1585 | D:2      | Identified the +0 helmet of Privacy {Dex+2}
  1585 | D:2      | Noticed Robin
  1644 | D:1      | Reached skill level 4 in Unarmed Combat
  1649 | D:1      | HP: 1/31 [goblin/+0 dagger[Robin] (3)]
  1775 | D:2      | Killed Robin
  1776 | D:2      | Reached XP level 4. HP: 38/38 MP: 4/4
  2384 | D:3      | Reached skill level 5 in Unarmed Combat
  2544 | D:3      | Reached XP level 5. HP: 36/45 MP: 5/5
  2900 | D:3      | Found a faded altar of an unknown god.
  3019 | D:3      | Found a runed translucent door.
  3020 | D:3      | Noticed Crazy Yiuf
  3438 | D:4      | Noticed Natasha
  3447 | D:4      | Killed Natasha
  3448 | D:4      | Reached skill level 6 in Unarmed Combat
  3727 | D:4      | Reached XP level 6. HP: 37/51 MP: 6/6
  3839 | D:4      | Noticed Natasha
  3846 | D:4      | Killed Natasha
  3854 | D:4      | Noticed Natasha
  3862 | D:4      | Killed Natasha
  4208 | D:5      | Reached skill level 7 in Unarmed Combat
  4253 | D:5      | Found Logukyst's Weapon Shoppe.
  4321 | D:5      | Found a shimmering blue altar of Sif Muna.
  4409 | D:5      | Found a staircase to the Ecumenical Temple.
  4418 | Temple   | Entered the Ecumenical Temple
  4603 | Temple   | Became a worshipper of Warmaster Okawaru
  4793 | D:5      | Your scales start taking on a rich purple colour.
  4793 | D:5      | Reached XP level 7. HP: 48/57 MP: 7/7
  4827 | D:5      | Quit the game

Illustrated notes

Levels and vault maps discovered:
D:1:      dpeg_arrival_houses_and_road, layout_loops_ring,
          hangedman_feature_mirror
D:2:      layout_basic, uniq_robin
D:3:      kennysheep_big_flooded_room, layout_loops_ring,
          chequers_ecumenical_altar_simple_redux,
          chequers_serial_rivers_small_3, uniq_crazy_yiuf_cottage
D:4:      layout_cave_pools, uniq_natasha
D:5:      layout_basic, kennysheep_orc_sif_temple,
          minmay_temple_entry_antechambers, serial_shops, shop,
          nicolae_wormholes, uniq_ijyb
Temple:   eino_temple_water

Skill      XL: |  1  2  3  4  5  6 |
---------------+-------------------+-----
Unarmed Combat | 3 4 5 6 7 |  7.8
Fighting       | |  3.2
Dodging        | |  1.7
Stealth        | |  4.5

Action                     |  1- 3 |  4- 6 |  7- 9 || total
---------------------------+-------+-------+-------++-------
  Melee: Unarmed           |   170 |   233 |       ||   403
         Tailslap          |    19 |    23 |       ||    42
         Punch             |     7 |    11 |       ||    18
    Use: Potion            |     2 |     2 |       ||     4
         Scroll            |     1 |       |       ||     1
   Stab: Sleeping          |     8 |     6 |       ||    14
         Distracted        |       |     1 |       ||     1
 Armour: Skin              |    70 |    75 |       ||   145
  Dodge: Dodged            |   141 |    93 |       ||   234
